 Dungeon Crawl Stone Soup version 0.26.1-11-gd32895ea62 (webtiles) character file.

Game seed: 12353036980914154247

135 kodamatunes15 the Ruffian (level 5, -5/44 HPs)
             Began as a Ghoul Gladiator on May 4, 2021.
             Slain by Edmund
             ... wielding a +4 dire flail of protection
              (11 damage)
             ... on level 4 of the Dungeon.
             The game lasted 00:20:29 (3240 turns).

kodamatunes15 the Ruffian (Ghoul Gladiator)         Turns: 3240, Time: 00:20:30

Health: -5/44      AC:  8    Str: 18    XL:     5   Next: 18%
Magic:  4/4        EV: 10    Int: 10    God:
Gold:   124        SH:  0    Dex: 10    Spells: 4/4 levels left

rFire    . . .     SeeInvis .   g - +0 short sword
rCold    + . .     Faith    .   (no shield)
rNeg     + + +     Spirit   .   q - +0 scale mail
rPois    ∞         Reflect  .   b - +0 helmet
rElec    .         Harm     .   (no cloak)
rCorr    .         Rampage  .   e - +0 pair of gloves
Will     .....                  (no boots)
Stlth    ..........             (no amulet)
HPRegen  0.00/turn              f - +6 ring of intelligence
MPRegen  0.09/turn              (no ring)

@: no status effects
A: claws 1, cold resistance 1, negative energy resistance 3, inhibited
regeneration, torment resistance, unbreathing
a: no special abilities


You were on level 4 of the Dungeon.
You visited 1 branch of the dungeon, and saw 4 of its levels.

You collected 124 gold pieces.

Inventory:

Hand Weapons
 g - a +0 short sword (weapon)
 p - a +0 flail
 r - a +0 mace of protection
 s - a cursed -2 mace
Missiles
 c - 3 throwing nets (quivered)
 o - 23 stones
 t - 19 bolts
Armour
 b - a +0 helmet (worn)
 e - a +0 pair of gloves (worn)
 q - a +0 scale mail (worn)
 w - a +0 chain mail
Jewellery
 f - a +6 ring of intelligence (left hand)
 h - an uncursed ring of positive energy {unknown}
 k - an uncursed ring of wizardry
 m - an uncursed ring of ice {unknown}
 n - an uncursed ring of magical power
Wands
 v - a wand of random effects (25)
Scrolls
 u - a scroll of remove curse
 x - a scroll of fear
Potions
 a - a potion of haste {unknown}
 d - 2 potions of mutation {unknown}
 i - a potion of heal wounds
 j - a potion of lignification {unknown}
 l - a potion of degeneration {unknown}


   Skills:
 + Level 2.8 Fighting
 + Level 1.6 Short Blades
 + Level 1.8 Throwing
 + Level 1.1 Armour
 + Level 3.3 Dodging
 + Level 0.3 Stealth
 + Level 4.5 Unarmed Combat


You had 4 spell levels left.
You didn't know any spells.
Your spell library was empty.

Dungeon Overview and Level Annotations

Branches:
Dungeon (4/15)
 Temple: D:4-7

Altars:

Annotations:
D:2 1 runed translucent door, Crazy Yiuf
D:4 Edmund


Innate Abilities, Weirdness & Mutations

You thrive by killing the living.
You are immune to poison.
You have sharp fingernails.
Your flesh is cold resistant. (rC+)
You are immune to negative energy. (rN+++)
You do not regenerate when monsters are visible.
You are immune to unholy pain and torment.
You can survive without breathing.


Message History

You hit Edmund but do no damage. Edmund completely misses you.
The adder skeleton closely misses you.
You completely miss Edmund. Edmund hits you but does no damage.
The adder skeleton bites you.
* * * LOW HITPOINT WARNING * * *
You hit Edmund.
Edmund is lightly wounded.
The adder skeleton closely misses you. Edmund closely misses you.
You hit Edmund but do no damage.
Edmund is lightly wounded.
The adder skeleton bites you but does no damage.
Edmund closely misses you.
You hit Edmund but do no damage.
Edmund is lightly wounded.
The adder skeleton closely misses you. Edmund barely misses you.
You closely miss Edmund.
Edmund is lightly wounded.
The adder skeleton bites you but does no damage.
Edmund hits you with a +4 dire flail of protection!
You die...

###.##..#
#...##..####
#.####.....#
##.##
#.###.#
##...###.#
#.#
#........#
#.#
#..<.#####
#.# #.#.##
#.########
.....#
#.@.......
###...#
##@Z...###
#...#
#.....#
....#
#........
###..#
#.....###
#..# #.....#
....###
#####


You could see Edmund and an adder skeleton.

Vanquished Creatures
  Ijyb (D:3)
  Terence (D:2)
  2 adders
  2 worms (D:2)
  A dart slug (D:1)
  2 leopard geckos (D:1)
  3 orcs
  3 bats (D:1)
  4 giant cockroaches
  6 goblins
  7 hobgoblins
  4 jackals (D:1)
  A quokka (D:3)
  2 ball pythons (D:3)
  A frilled lizard (D:1)
  A jackal skeleton (D:4)
  6 kobolds
  5 rats
52 creatures vanquished.

Notes
Turn   | Place    | Note
-------+----------+-------------------------------------------
     0 | D:1      | kodamatunes15 the Ghoul Gladiator began the quest for the
                  | Orb.
     0 | D:1      | Reached XP level 1. HP: 17/17 MP: 0/0
   303 | D:1      | Reached XP level 2. HP: 23/25 MP: 1/1
   574 | D:1      | Reached XP level 3. HP: 25/30 MP: 2/2
   957 | D:2      | Reached skill level 4 in Unarmed Combat
  1021 | D:2      | Noticed Terence
  1031 | D:2      | Killed Terence
  1032 | D:2      | Reached XP level 4. HP: 17/37 MP: 3/3
  1044 | D:2      | You fall into a shaft and drop 1 floor!
  1792 | D:2      | Reached skill level 1 in Armour
  2018 | D:2      | Found a runed translucent door.
  2019 | D:2      | Noticed Crazy Yiuf
  2671 | D:3      | Noticed Ijyb
  2770 | D:3      | Killed Ijyb
  2771 | D:3      | Reached skill level 1 in Short Blades
  2771 | D:3      | Reached XP level 5. HP: 10/44 MP: 4/4
  3216 | D:4      | Noticed Edmund
  3240 | D:4      | Slain by Edmund

Illustrated notes

Levels and vault maps discovered:
D:1:      roderic_octagonal_star, layout_basic, minmay_tetromino_s4
D:2:      layout_basic, uniq_terence, uniq_crazy_yiuf_cottage
D:3:      layout_basic, saegor_snake_ambush, uniq_ijyb
D:4:      layout_loops_ring, minmay_overflow_temple_star_quad, uniq_duvessa,
          uniq_edmund

Skill      XL: |  1  2  3  4 |
---------------+-------------+-----
Dodging        | 3 |  3.3
Unarmed Combat | 4 |  4.5
Armour         | 1 |  1.1
Short Blades   | 1 |  1.6
Fighting       | |  2.8
Throwing       | |  1.8
Stealth        | |  0.3

Action                   |  1- 3 |  4- 6 || total
-------------------------+-------+-------++-------
Melee: Unarmed           |    54 |       ||    54
       Short sword       |    57 |   208 ||   265
       Punch             |     4 |     6 ||    10
  Use: Scroll            |     5 |     5 ||    10
Armor: Leather armour    |    23 |       ||    23
       Chain mail        |    14 |    18 ||    32
       Scale mail        |       |    71 ||    71
Dodge: Dodged            |    67 |   104 ||   171
